 Dungeon Crawl Stone Soup version 0.31-a0-1172-g9944ec47dd (webtiles) character file.

Game seed: 6755017661153858932

133 Zonian the Ruffian (level 4, 0/36 HPs)
             Began as a Demigod Shapeshifter on Dec 10, 2023.
             Slain by a goblin
             ... wielding a +0 club
              (3 damage)
             ... on level 3 of the Dungeon.
             The game lasted 00:04:01 (2161 turns).

Zonian the Ruffian (Demigod Shapeshifter)           Turns: 2161, Time: 00:04:02

Health: 0/36       AC:  2    Str: 19    XL:     4   Next: 64%
Magic:  6/6        EV: 12    Int: 12    God:
Gold:   114        SH:  0    Dex: 13    Spells: 3/3 levels left

rFire   . .          .
                       - Unarmed
rCold   . . .        (no shield)
rNeg    . . .        a - +0 animal skin
rPois   .            (helmet currently unavailable)
rElec   .            (cloak currently unavailable)
rCorr   .            (gloves currently unavailable)
SInv    .            (boots currently unavailable)
Will    .....        (no amulet)
Stlth   +            (no ring)
HPRegen 0.26/turn    (no ring)
MPRegen 0.10/turn

%: no passive effects
@: beast-form
A: beast (slay +1), high MP 1, forlorn, divine attributes
a: Begin Untransformation


You were on level 3 of the Dungeon.
You were a hulking beast.
You visited 1 branch of the dungeon, and saw 3 of its levels.

You collected 114 gold pieces.


Innate Abilities, Weirdness & Mutations

You are a hulking beast.
Your limbs bulge with bestial killing power. (Slay +1)
You have an increased reservoir of magic. (+10% MP)
You shall have no god before yourself.
Your divine heritage dramatically boosts your attributes as you level up.


   Skills:
 + Level 2.2 Fighting
 + Level 2.8 Dodging
 + Level 3.4 Unarmed Combat
 + Level 3.3 Shapeshifting


You had 3 spell levels left.
You didn't know any spells.
Your spell library contained the following spells:

 Spells                   Type           Power      Damage    Failure   Level
 Tukima's Dance           Hex            0%         N/A       69%         3
 Passage of Golubria      Tloc           0%         N/A       97%         4
 Yara's Violent Unravell  Hex/Tmut       0%         3d3       100%        5

Inventory:

Hand Weapons
 f - a +0 whip {mace}
   (You found it on level 1 of the Dungeon)
 g - a -2 spear {polearm}
   (You found it on level 1 of the Dungeon)
 i - a +0 whip {mace}
   (You took it off a kobold on level 1 of the Dungeon)
 j - a +0 dagger {short}
   (You took it off a kobold on level 1 of the Dungeon)
 k - a +0 club {mace}
   (You took it off a goblin on level 1 of the Dungeon)
 l - a +0 dagger {short}
   (You found it on level 1 of the Dungeon)
 m - a +0 club {mace}
   (You took it off a goblin on level 1 of the Dungeon)
 o - a +0 dagger {short}
   (You took it off a goblin on level 1 of the Dungeon)
 p - a +0 club {mace}
   (You took it off a goblin on level 2 of the Dungeon)
 q - a +0 dagger {short}
   (You took it off a goblin on level 2 of the Dungeon)
Armour
 a - a +0 animal skin (worn)
Talismans
 c - a beast talisman
 d - a flux talisman
Scrolls
 e - a scroll of silence {unknown}
 h - a scroll of poison {unknown}
 n - a scroll of vulnerability {unknown}
 r - a scroll of immolation {unknown}
 s - a scroll of identify {unknown}
Potions
 b - 5 potions of lignification {!q}

Dungeon Overview and Level Annotations

Branches:
Dungeon (3/15) Zot: 15846

.######♣♣ ........♣ P
...... ..#####.#♣♣.♣♣
...... ..# ♣..P. ♣......
..# ... ♣♣....... ..#
.P♣♣..?..... ..#
♣.......... ..#
♣♣♣♣....<..... ..#
♣.....h....... ..####
#......g...... .....#
#.............
#.##.######.............
#.............##########
########....#.#..)......
.# #....#.#.######## .#
#....#.#.# .# #......#.#


You could see a goblin.


Message History

You barely miss the goblin. You hit the goblin.
The goblin hits you with a +0 dagger. 😕 HP[-1]
You take 1 damage, and now have 31/36 hp.
You punch the goblin!
You kill the goblin! 😕 HP[+1] Unknown command.
Found a stone staircase leading down. 😎 HP[+4]
Your hp is fully restored (36).
You open the door.
There is an open door here.
You open the door.
An adder comes into view.
The adder hisses angrily.
You hit the adder. The adder bites you but does no damage.
You punch the adder!
You kill the adder!
No target in view!
Unknown command.
You open the door.
There is an open door here.
Key pressed, stopping explore.
A quokka comes into view.
You hit the quokka.
You kill the quokka!
No target in view!
No target in view!
You now have 109 gold pieces (gained 14).
There is an open door here.
Key pressed, stopping explore.
A goblin and an endoplasm come into view.
Found a stone staircase leading down.
You see here 5 gold pieces.
The helpless endoplasm fails to defend itself.
You punch the endoplasm!
You kill the endoplasm!
The goblin barely misses you.
You miss the goblin. The goblin misses you.
You completely miss the goblin. The goblin misses you.
You closely miss the goblin.
The goblin hits you with a +0 club. 😕 HP[-4]
You take 4 damage, and now have 32/36 hp.
You barely miss the goblin. You punch the goblin.
You kill the goblin! 😕 HP[+1]
You now have 114 gold pieces (gained 5).
Found an escape hatch in the floor. 😎 HP[+3]
Your hp is fully restored (36).
There is a stone staircase leading down here.
s - a scroll labelled INECWE YSATIDGH Unknown command.
There is a stone staircase leading down here.
As you open the door, it creaks loudly!
Found an escape hatch in the ceiling.
Unknown command.
An iguana comes into view.
An iguana is nearby!
Unknown command.
The iguana hisses angrily.
A goblin comes into view. It is wielding a +0 club.
You closely miss the iguana. You punch the iguana.
The iguana bites you! 😮 HP[-12]
You take 12 damage, and now have 24/36 hp.
MASSIVE DAMAGE!! (PAUSE)
You hit the iguana. The iguana bites you. 😮 HP[-3]
You take 3 damage, and now have 21/36 hp.
You closely miss the iguana. The iguana bites you.
Unknown command.
You hit the iguana but do no damage. The iguana bites you!
* * * LOW HITPOINT WARNING * * *
Unknown command. 😱 HP[-14]
You take 14 damage, and now have 7/36 hp.
MASSIVE DAMAGE!! (PAUSE)
You barely miss the iguana. The iguana closely misses you.
The goblin misses you.
You barely miss the iguana. The iguana misses you.
The goblin hits you with a +0 club.
* * * LOW HITPOINT WARNING * * *
😱 HP[-4]
You take 4 damage, and now have 3/36 hp.
Okay, then.
You hit the iguana but do no damage. 😱 HP[+1]
You hit the iguana but do no damage. The iguana misses you.
The goblin hits you with a +0 club.
* * * LOW HITPOINT WARNING * * *
😱 HP[-2]
You take 2 damage, and now have 2/36 hp.
You closely miss the iguana. The iguana closely misses you.
The goblin closely misses you.
You punch the iguana!
You kill the iguana!
The goblin misses you.
You hit the goblin. The goblin hits you with a +0 club.
You die...

Skill      XL: |  1  2  3 |
---------------+----------+-----
Fighting       | 1 2 |  2.2
Dodging        | 2 |  2.8
Unarmed Combat | 3 |  3.4
Shapeshifting  | 3 |  3.3

Action                     |  1- 3 |  4- 6 || total
---------------------------+-------+-------++-------
  Melee: Unarmed           |   123 |    29 ||   152
         Punch             |     1 |     2 ||     3
   Stab: Sleeping          |       |     1 ||     1
 Armour: Animal skin       |    52 |    13 ||    65
  Dodge: Dodged            |    67 |    12 ||    79

Levels and vault maps discovered:
D:1:      dpeg_arrival_rooms_b, layout_basic, ebering_ecumenical_altar_rust,
          minmay_heptomino_h4
D:2:      layout_loops_corners, moated_statue, hangedman_decor_riveting,
          minmay_cupped, uniq_jessica
D:3:      layout_basic, nicolae_overflow_two_pavilions, serial_forest,
          infiniplex_forest_split, infiniplex_forest_corner_1,
          infiniplex_forest_lined_2, infiniplex_forest_end_3,
          infiniplex_forest_clump_C, uniq_terence

Notes
Turn   | Place    | Note
-------+----------+-------------------------------------------
     0 | D:1      | Zonian the Demigod Shapeshifter began the quest for the
                  | Orb.
     0 | D:1      | Reached XP level 1. HP: 15/15 MP: 3/3
     0 | D:1      | magus.rc [v1.9.6]
   132 | D:1      | Reached skill level 1 in Fighting
   155 | D:1      | You add the spells Tukima's Dance, Passage of Golubria and
                  | Yara's Violent Unravelling to your library.
   574 | D:1      | Reached skill level 2 in Dodging
   604 | D:1      | Reached XP level 2. HP: 17/23 MP: 4/4
  1025 | D:2      | Reached skill level 3 in Unarmed Combat
  1265 | D:2      | Reached skill level 3 in Shapeshifting
  1292 | D:2      | Reached XP level 3. HP: 16/28 MP: 5/5
  1705 | D:2      | Noticed Jessica
  1734 | D:2      | Killed Jessica
  1735 | D:2      | Reached skill level 2 in Fighting
  1735 | D:2      | Reached XP level 4. HP: 29/36 MP: 6/6
  2154 | D:3      | HP: 7/36 [iguana (14)]
  2156 | D:3      | HP: 3/36 [goblin/+0 club (4)]
  2161 | D:3      | Slain by a goblin

Vanquished Creatures
  Jessica (D:2)
  An iguana (D:3)
  3 adders
  2 worms (D:2)
  2 dart slugs
  5 endoplasms
  A giant cockroach (D:1)
  4 hobgoblins
  2 quokkas
  4 ball pythons
  4 bats
  3 frilled lizards
  8 goblins
  4 kobolds
  3 rats
47 creatures vanquished.

Table legend:
 A = Non-vault XP
 B = Vault XP
 C = Vault XP percentage of total XP
 D = Non-vault monster count
 E = Vault monster count
 F = Vault count percentage of total count
                 A         B        C        D         E       F
            +---------+---------+-------+---------+---------+-------
      Total |     145 |      46 |  24.1 |      42 |       5 |  10.6
            +---------+---------+-------+---------+---------+-------
        D:1 |      22 |       4 |  15.4 |      13 |       3 |  18.8
        D:2 |      67 |      42 |  38.5 |      23 |       2 |   8.0
        D:3 |      56 |       0 |   0.0 |       6 |       0 |   0.0
            +---------+---------+-------+---------+---------+-------

Skill      XL: |  1  2  3 |
---------------+----------+-----
Fighting       | 1 2 |  2.2
Dodging        | 2 |  2.8
Unarmed Combat | 3 |  3.4
Shapeshifting  | 3 |  3.3

Action                     |  1- 3 |  4- 6 || total
---------------------------+-------+-------++-------
  Melee: Unarmed           |   123 |    29 ||   152
         Punch             |     1 |     2 ||     3
   Stab: Sleeping          |       |     1 ||     1
 Armour: Animal skin       |    52 |    13 ||    65
  Dodge: Dodged            |    67 |    12 ||    79

Illustrated notes

Table legend:
 A = Kills in this place as a percentage of kills in the entire game.
 B = Kills by you in this place as a percentage of kills by you in the entire game.
 C = Kills by friends in this place as a percentage of kills by friends in the entire game.
 D = Other kills in this place as a percentage of other kills in the entire game.
 E = Experience gained in this place as a percentage of experience gained in the entire game.
 F = Experience gained in this place divided by the number of levels of this place that you have seen.
                   A       B       C       D       E      F
               +-------+-------+-------+-------+-------+----------------------
         Total | 100.0 | 100.0 |   N/A |   N/A | 100.0 |  63.7
       Dungeon | 100.0 | 100.0 |   N/A |   N/A | 100.0 |  63.7
               +-------+-------+-------+-------+-------+----------------------

Table legend: (Time is in decaauts)
 A = Elapsed time spent in this place.
 B = Non-inter-level travel time spent in this place.
 C = Inter-level travel time spent in this place.
 D = Time resting spent in this place.
 E = Time spent auto-exploring this place.
 F = Levels seen in this place.
 G = Mean time per level.
                   A        B        C        D        E       F      G
               +--------+--------+--------+--------+--------+-----+--------+
         Total |   2152 |   2139 |     13 |      0 |   1792 |   3 |  717.3 |
       Dungeon |   2152 |   2139 |     13 |      0 |   1792 |   3 |  717.3 |
               +--------+--------+--------+--------+--------+-----+--------+

Top non-repeatable levels by time:
     D:2: 1020 daAuts
     D:1: 928 daAuts
     D:3: 203 daAuts
